 Dungeon Crawl Stone Soup version 0.29.0-15-g675c0067aa (webtiles) character file.

Game seed: 7982502504274395395

47 EvilAshe the Covered (level 3, -8/29 HPs)
             Began as a Human Fighter on Sept 11, 2022.
             Splashed by a jelly's acid (9 damage)
             ... on level 3 of the Dungeon.
             The game lasted 00:04:20 (1582 turns).

EvilAshe the Covered (Human Fighter)                Turns: 1582, Time: 00:04:20

Health: -8/29      AC:  5    Str: 18    XL:     3   Next: 97%
Magic:  3/3        EV:  9    Int:  8    God:
Gold:   142        SH:  4    Dex: 12    Spells: 2/2 levels left

rFire   . . .      SeeInvis .   a - +0 long sword
rCold   . . .      Faith    .   c - +0 buckler
rNeg    . . .      Spirit   .   b - +0 scale mail
rPois   .          Reflect  .   k - +1 hat
rElec   .          Harm     .   (no cloak)
rCorr   .          Rampage  .   (no gloves)
Will    .....                   e - +0 pair of boots
Stlth   ..........              (no amulet)
HPRegen 0.09/turn               (no ring)
MPRegen 0.08/turn               (no ring)

@: corroded
A: no striking features
a: no special abilities


You were on level 3 of the Dungeon.
You visited 1 branch of the dungeon, and saw 3 of its levels.

You collected 142 gold pieces.

Inventory:

Hand Weapons
 a - a +0 long sword (weapon)
Missiles
 l - 6 boomerangs of dispersal (quivered)
 m - 2 throwing nets
Armour
 b - a +0 scale mail (worn)
 c - a +0 buckler (worn)
 e - a +0 pair of boots (worn)
 k - a +1 hat (worn)
Scrolls
 f - a scroll of teleportation {unknown}
 g - a scroll of torment {unknown}
 i - 2 scrolls of identify {unknown}
 n - a scroll of enchant armour {unknown}
 p - a scroll of blinking {unknown}
Potions
 d - a potion of might
 h - a potion of invisibility {unknown}
 j - a potion of berserk rage {unknown}
 o - a potion of cancellation {unknown}
 q - a potion of attraction {unknown}


   Skills:
 + Level 3.3 Fighting
 * Level 2.9 Long Blades
 + Level 3.3 Armour
 + Level 3.3 Shields


You had 2 spell levels left.
You didn't know any spells.
Your spell library contained the following spells:

 Spells                   Type           Power      Damage    Failure   Level
 Call Imp                 Summ           0%         N/A       95%         2
 Fulminant Prism          Conj/Hex       0%         3d6       100%        4
 Iskenderun's Mystic Bla  Conj/Tloc      0%         2d3       100%        4
 Lee's Rapid Deconstruct  Erth           0%         3d5*      100%        5
 Summon Cactus Giant      Summ           0%         N/A       100%        6


Dungeon Overview and Level Annotations

Branches:
Dungeon (3/15)

Altars:

Annotations:
D:2 Terence


Message History

You hit the quokka.
The quokka is moderately wounded.
The quokka bites you but does no damage.
You barely miss the quokka.
The quokka is moderately wounded.
The quokka closely misses you.
You slash the quokka!
You kill the quokka!
No target in view!
Items here: ( ) ††.
A hobgoblin comes into view.
The hobgoblin shouts!
You hit the hobgoblin.
The hobgoblin is almost dead.
The hobgoblin barely misses you. x2
You closely miss the hobgoblin.
The hobgoblin is severely wounded.
The hobgoblin hits you.
You slash the hobgoblin!
You kill the hobgoblin!
No target in view!
Found 17 gold pieces.
You now have 142 gold pieces (gained 17).
A jelly comes into view.
The jelly quivers.
The jelly moves out of view.
You barely miss the jelly. The jelly closely misses you.
You hit the jelly. The acid corrodes you!
Your hands burn!
The jelly is moderately wounded.
The jelly closely misses you. x2
The jelly attacks as you move away! The jelly hits you but does no damage.
The jelly attacks as you move away! The jelly hits you.
You are splashed with acid!
The jelly attacks as you move away! The jelly hits you.
You are splashed with acid!
* * * LOW HITPOINT WARNING * * *
The jelly attacks as you move away! The jelly hits you.
* * * LOW HITPOINT WARNING * * *
You are splashed with acid!
You die...

#### #... #... #...#####
#.......### ###
#.........####### #...
#...###.........###..#
#... ####J####...#.##### #
..### #.@............. #.#
####............ #.
#.....#...... #.
########..........
#.######...........##...#.
#............#####....#...
###...#####.#####....##.##
#...#.## #.........#.# .#
#.###..###.........#.##.#


You could see a jelly.

Vanquished Creatures
  An adder (D:3)
  A dart slug (D:1)
  2 ball pythons
  2 endoplasms
  3 hobgoblins
  4 jackals (D:2)
  3 quokkas
  A bat (D:2)
  3 frilled lizards
  6 goblins
  5 kobolds
  A rat (D:2)
32 creatures vanquished.

Notes
Turn   | Place    | Note
-------+----------+-------------------------------------------
     0 | D:1      | EvilAshe the Human Fighter began the quest for the Orb.
     0 | D:1      | Reached XP level 1. HP: 18/18 MP: 1/1
   175 | D:1      | Reached XP level 2. HP: 24/24 MP: 2/2
  1093 | D:2      | Reached XP level 3. HP: 29/29 MP: 3/3
  1204 | D:2      | Got the Compendium of Heresy
  1323 | D:2      | Noticed Terence
  1582 | D:3      | HP: 1/29 [jelly (2)]
  1582 | D:3      | Splashed by a jelly's acid

Illustrated notes

Levels and vault maps discovered:
D:1:      minmay_arrival_four_houses, layout_basic
D:2:      layout_basic, minmay_misc_feat_diagonals, uniq_terence
D:3:      layout_rooms

Action                   || total
-------------------------++-------
Melee: Long sword        ||   110
Armor: Scale mail        ||    53
Dodge: Dodged            ||    42
Block: Buckler           ||    18
